Mecha, chaotic female orcish Rogue ----------- |.........| ------- |........(.# |f...>| ------ |.........|# |@...)| ------------ |)])).| |..<......|# |.d)...(########|..).......| |)))[.-# |.........|# ----.-- #..<.....(..| |[))).|# -----.-----# # |..........| ------ # # # ### |..........| # ### # # ------------ # # # `## ##### # ############## ###------.------ ### #--.----------- ###|..|...%....| # #..............#########.............#)####* |............| # |...........| |.............###### ------------- -------------- Mecha the Rogue Experience level: 8 Strength: 18/03 Dexterity: 18 Constitution: 15 Intelligence: 9 Wisdom: 10 Charisma: 6 Health: 0(61) Energy: 22(22) Def: 9 Gold: 884 Moves: 8657 Dungeon seed: RrJzRZczfZQngDA2 Game ID: Mecha_1479153183 Your Inventory: Coins $ - 884 gold pieces Weapons a - 3 +0 darts (in quiver) T - a +0 elven dagger (weapon in hand) Armor e - an uncursed +1 leather armor (being worn) q - a blessed +1 dwarvish cloak (being worn) r - an uncursed +0 pair of elven boots v - a blessed +1 pair of iron shoes (being worn) y - an uncursed +0 dwarvish iron helm (being worn) z - an uncursed +2 elven mithril-coat Comestibles h - 3 uncursed tripe rations s - an uncursed egg V - 5 uncursed food rations Scrolls j - a blessed scroll of enchant weapon l - 2 uncursed scrolls of identify m - an uncursed scroll of create monster n - an uncursed scroll of enchant weapon p - a cursed scroll of enchant weapon u - an uncursed scroll of food detection A - a blessed scroll of teleportation B - an uncursed scroll of charging P - a blessed scroll of amnesia Potions c - an uncursed potion of sickness o - a cursed potion of object detection t - an uncursed potion of levitation x - an uncursed potion of paralysis E - a blessed potion of sleeping F - a blessed potion of object detection M - a blessed potion of hallucination R - 3 uncursed potions of object detection Rings O - a cursed ring of invisibility S - an uncursed ring of cold resistance Wands g - a cursed wand of striking (0:6) Tools d - an uncursed lock pick f - an uncursed sack i - an uncursed towel w - a +0 pick-axe C - an uncursed brass lantern (0:1256) I - an uncursed mirror J - a +0 unicorn horn Q - an uncursed tin whistle Spells and supernatural/magical abilities: Name Level Category Fail Memory W - pray for help -- divine ? -- Your skills at the end: Fighting Skills Weapon Skills dagger [Expert] short sword [Basic] Spellcasting Skills Final Attributes: You were piously aligned. You were cold resistant. You were poison resistant. You were telepathic. You had infravision. You were stealthy. You were lucky. You are dead. Vanquished creatures: a large mimic a large dog an elf mummy a human mummy a giant beetle 2 quivering blobs 3 wolves 2 leprechauns a horse a vampire bat 3 gnome kings a yeti a lizard 3 chickatrices a dingo a jaguar a dwarf lord a gray unicorn a dust vortex a plains centaur a snake 6 apes a human zombie a rope golem 3 Woodland-elves an imp a wood nymph 3 water nymphs 2 mountain nymphs 2 Mordor orcs 2 Uruk-hai a rock piercer a rock mole a yellow light 5 gnome lords 2 gnomish wizards a black naga hatchling a gray ooze a barrow wight 6 elf zombies a straw golem a baby crocodile 3 giant ants 2 little dogs 3 floating eyes 8 dwarves 3 rothes a centipede a monkey 8 dwarf zombies 3 iguanas 2 acid blobs a gas spore 2 hobbits a hobgoblin a giant rat a cave spider a brown mold a yellow mold a green mold 23 gnomes 6 geckos 10 jackals a fox 4 kobolds 5 goblins 3 sewer rats 8 grid bugs 7 bats 5 lichens 4 kobold zombies 9 newts 200 creatures vanquished. Voluntary challenges: You had been an atheist until turn 2924. You used a wielded weapon 196 times, starting on turn 106. You read items or engraved 5 times, starting on turn 29. You never genocided any monsters. You never polymorphed an object. You never changed form. You used no wishes. You never split a pudding. You wrote Elbereth's name 2 times, starting on turn 5571. You violated your moral code, losing 84 points of alignment, starting on turn 589. Dungeon overview: The Dungeons of Doom: levels 1 to 7 Level 1 a long staircase Level 2 Level 3 a fountain stairs to The Gnomish Mines Level 4 Level 5 many fountains Level 6 <- You were here a weapon shop a long staircase Level 7 some fountains The Gnomish Mines: levels 4 to 6 Level 4 stairs to The Dungeons of Doom Level 5 Level 6 many shops, a temple to Issek, some fountains, some trees History has recorded: On T:1 you entered the Dungeons of Doom to retrieve the Amulet of Yendor! On T:421 you reached level 2 of The Dungeons of Doom. On T:827 you reached level 3 of The Dungeons of Doom. On T:829 you advanced to experience level 2. On T:1270 you advanced to experience level 3. On T:1324 you reached level 1 of The Gnomish Mines. On T:1363 you advanced to experience level 4. On T:1741 you advanced to experience level 5. On T:1973 you reached level 2 of The Gnomish Mines. On T:2277 you advanced to experience level 6. On T:2725 you reached level 3 of The Gnomish Mines. On T:3406 you advanced to experience level 7. On T:4955 you reached level 4 of The Dungeons of Doom. On T:5643 you reached level 5 of The Dungeons of Doom. On T:6514 you advanced to experience level 8. On T:6648 you reached level 6 of The Dungeons of Doom. On T:7438 you reached level 7 of The Dungeons of Doom. Score breakdown: Gold: 884 (10024 points) Experience: 8 levels (14739 points) Exploration: 7 levels ( 14.58%) (10718 points) Discoveries: 15 items ( 5.23%) ( 6858 points) Valuables value: (no points given unless you survive) Artifact value: 0 ( 0 points) Variety of kills: 72 monsters ( 18.90%) (13041 points) Turncount: 8657 turns (-2165 points) Survival: died (score multiplied by 80%) Total score: 42572 Latest messages: The 1st dagger hits the wolf. The 2nd dagger hits the wolf. The 3rd dagger hits the wolf! You kill the wolf! The large cat eats a wolf corpse. You have no ammunition readied! n - an uncursed scroll labeled YUM YUM (in quiver). You fill your quiver: n - an uncursed scroll labeled YUM YUM (in quiver). You now have no ammunition readied. a - 6 darts (in quiver). The dart hits the wolf. The wolf bites! The dart hits the wolf. The wolf bites! The dart misses the wolf. The wolf bites! The large cat picks up 3 uncursed daggers. The wolf bites! You die... Final status: Goodbye Mecha the Rogue, killed by a wolf... You died in The Dungeons of Doom on dungeon level 6 with 42572 points, and 884 pieces of gold, after 8657 moves. You were level 8 with a maximum of 61 hit points when you died.